 Dungeon Crawl Stone Soup version 0.28.0-47-ge53b351184 (webtiles) character file.

Game seed: 10876772330934268431

1462 terff the Cleaver (level 8, -2/70 HPs)
             Began as a Hill Orc Monk on Apr 30, 2022.
             Slain by a gnoll
             ... wielding a +0 flail
              (5 damage)
             ... on level 6 of the Dungeon.
             The game lasted 00:12:43 (5861 turns).

terff the Cleaver (Hill Orc Monk)                   Turns: 5861, Time: 00:12:43

Health: -2/70      AC:  7    Str: 14    XL:     8   Next: 77%
Magic:  8/8        EV: 10    Int: 10    God:
Gold:   130        SH:  5    Dex: 21    Spells: 7/7 levels left

rFire   . . .      SeeInvis .   a - +0 hand axe (spect)
rCold   + . .      Faith    .   c - +0 buckler
rNeg    . . .      Spirit   .   m - +0 scale mail
rPois   .          Reflect  .   (no helmet)
rElec   .          Harm     .   (no cloak)
rCorr   .          Rampage  .   (no gloves)
Will    .....                   (no boots)
Stlth   +.........              i - amulet of magic regeneration
HPRegen 0.21/turn               j - +6 ring of dexterity
MPRegen 0.51/turn               p - ring of protection from cold

@: mighty
A: no striking features
a: no special abilities


You were on level 6 of the Dungeon.
You visited 1 branch of the dungeon, and saw 6 of its levels.

You collected 250 gold pieces.
You spent 120 gold pieces at shops.

Inventory:

Hand Weapons
 a - a +0 spectral hand axe (weapon)
 b - a +0 hand axe
 e - a +2 dagger of venom
 h - a +2 morningstar of protection
Armour
 c - a +0 buckler (worn)
 m - a +0 scale mail (worn)
Jewellery
 i - an amulet of magic regeneration (around neck)
 j - a +6 ring of dexterity (left hand)
 p - a ring of protection from cold (right hand)
Scrolls
 g - a scroll of amnesia
 l - 5 scrolls of teleportation (quivered)
Potions
 d - 2 potions of lignification
 o - a potion of attraction
 q - a potion of heal wounds {unknown}


   Skills:
 + Level 6.1 Fighting
 + Level 9.4 Axes
 + Level 5.7 Armour
 + Level 3.3 Dodging
 + Level 2.7 Stealth
 + Level 2.8 Shields


You had 7 spell levels left.
You didn't know any spells.
Your spell library contained the following spells:

 Spells                   Type           Power      Damage    Failure   Level
 Animate Skeleton         Necr           0%         N/A       88%         1
 Pain                     Necr           0%         1d4       88%         1
 Conjure Flame            Conj/Fire      0%         6-21      99%         3
 Dazzling Flash           Conj/Hex       0%         N/A       99%         3
 Ignite Poison            Fire/Tmut/Pois 0%         N/A       99%         3
 Vampiric Draining        Necr           0%         2d6       99%         3
 Sticky Flame             Conj/Fire      0%         2d3       100%        4
 Agony                    Necr           0%         N/A       100%        5
 Silence                  Hex/Air        0%         N/A       100%        5


Dungeon Overview and Level Annotations

Branches:
Dungeon (6/15)
 Temple: D:4-7

Altars:
Kikubaaqudgha

Shops:
D:5 ?


Message History

The scorpion stings you.
You are poisoned.
The scorpion poisons you! The gnoll hits you with a +0 flail.
The gnoll sergeant hits you with a +1 vorpal trident!
The gnoll hits you with a +0 flail. The scorpion stings you.
You are more poisoned.
The scorpion poisons you!
You barely miss the scorpion.
The scorpion is moderately wounded.
You hit the gnoll.
You kill the gnoll!
You slash the gnoll!
You kill the gnoll!
You hit the gnoll. You barely miss the gnoll sergeant.
Your +0 spectral hand axe hits the gnoll!
You kill the gnoll!
Your +0 spectral hand axe completely misses the scorpion.
Your +0 spectral hand axe hits the gnoll sergeant but does no damage.
You feel very sick. The gnoll barely misses you.
The gnoll sergeant closely misses your +0 spectral hand axe.
The scorpion stings you but does no damage.
You barely miss the scorpion.
The scorpion is moderately wounded.
You catch the helpless gnoll sergeant completely off-guard!
You hit the gnoll sergeant. You slash the gnoll!
Your +0 spectral hand axe barely misses the gnoll sergeant.
Your +0 spectral hand axe hits the scorpion.
You feel very sick. The gnoll barely misses you.
The gnoll sergeant barely misses you. The scorpion barely misses you.
You feel better.
The gnoll hits you from afar with a +0 halberd!
* * * LOW HITPOINT WARNING * * *
The gnoll sergeant hits you with a +1 vorpal trident!
* * * LOW HITPOINT WARNING * * *
x2 The scorpion stings you.
* * * LOW HITPOINT WARNING * * *
The gnoll hits you with a +0 flail.
You die...

..... .....
...... ....
...... ...##
...... ...#
......#### ..# #
#......###.##..#
#........<....#
#..g§.#....##....
....#.s@g#..### >
... #.))...## .
.....g...<...
#..##.........
#... .....##...
... ......# #..
#. ..##... #. ...
....


You could see a gnoll sergeant, a scorpion and 2 gnolls.

Vanquished Creatures
  A water moccasin (D:5)
  An ice beast (D:5)
  2 black bears (D:4)
  2 phantoms
  Blork the orc (D:5)
  A kobold brigand (D:5)
  A bullfrog (D:4)
  A scorpion (D:5)
  A howler monkey (D:5)
  2 orc priests
  3 hounds
  A gnoll shaman (D:4)
  2 bullfrog skeletons
  2 centaur skeletons (D:5)
  An iguana (D:3)
  3 orc wizards
  A hound zombie (D:5)
  7 gnolls
  5 adders
  An ufetubus (D:4)
  2 adder skeletons (D:4)
  4 worms
  A dart slug (D:2)
  19 orcs
  5 bats
  8 endoplasms
  2 giant cockroaches
  9 goblins
  5 hobgoblins
  7 jackals
  3 quokkas
  7 ball pythons
  8 kobolds
  7 rats
126 creatures vanquished.

Notes
Turn   | Place    | Note
-------+----------+-------------------------------------------
     0 | D:1      | terff the Hill Orc Monk began the quest for the Orb.
     0 | D:1      | Reached XP level 1. HP: 19/19 MP: 1/1
   300 | D:1      | Reached XP level 2. HP: 22/27 MP: 2/2
   445 | D:1      | Found a faded altar of an unknown god.
  1358 | D:2      | Reached skill level 1 in Armour
  1358 | D:2      | Reached XP level 3. HP: 19/33 MP: 3/3
  1783 | D:2      | You fall into a shaft and drop 2 floors!
  1802 | D:4      | Reached skill level 5 in Axes
  1860 | D:2      | Reached XP level 4. HP: 24/40 MP: 4/4
  2901 | D:3      | Reached XP level 5. HP: 44/46 MP: 5/5
  3329 | D:3      | Reached skill level 6 in Axes
  3472 | D:4      | Noticed a black bear
  3484 | D:4      | Killed a black bear
  3485 | D:4      | Reached XP level 6. HP: 26/53 MP: 6/6
  3902 | D:4      | Reached skill level 7 in Axes
  4016 | D:4      | Reached XP level 7. HP: 45/60 MP: 7/7
  4194 | D:5      | Entered Level 5 of the Dungeon
  4220 | D:5      | Reached skill level 5 in Fighting
  4455 | D:5      | Reached skill level 1 in Shields
  4761 | D:5      | Found an ancient bone altar of Kikubaaqudgha.
  4847 | D:4      | Reached skill level 8 in Axes
  4847 | D:4      | Reached skill level 5 in Armour
  4847 | D:4      | Reached XP level 8. HP: 29/69 MP: 8/8
  5066 | D:4      | HP: 3/69 [orc priest/divine providence (12)]
  5429 | D:5      | Found Fial's Magic Scroll Boutique.
  5431 | D:5      | Noticed Blork the orc
  5442 | D:5      | Killed Blork the orc
  5466 | D:5      | Bought a scroll of identify for 20 gold pieces
  5466 | D:5      | Bought a scroll of identify for 20 gold pieces
  5466 | D:5      | Bought a scroll of identify for 20 gold pieces
  5466 | D:5      | Bought a scroll of teleportation for 30 gold pieces
  5466 | D:5      | Bought a scroll of teleportation for 30 gold pieces
  5539 | D:5      | Reached skill level 9 in Axes
  5861 | D:6      | HP: 3/70 [scorpion (2)]
  5861 | D:6      | Slain by a gnoll

Illustrated notes

Levels and vault maps discovered:
D:1:      nzn_arrival_water_spiral, layout_basic,
          hellmonk_ecumenical_altar_lost_god
D:2:      layout_rooms, st_stairs_5
D:3:      layout_loops_corners, kennysheep_minor_cross, minmay_distorted
D:4:      layout_basic
D:5:      layout_rooms, nicolae_kikubaaqudgha_miasma_corner, serial_shops, shop,
          st_stairs_8, uniq_blork_the_orc
D:6:      layout_cave_pools, lightli_sewer_entry_pipes, minivault_19,
          uniq_duvessa, uniq_edmund, uniq_pikel, uniq_sigmund

Skill      XL: |  1  2  3  4  5  6  7  8 |
---------------+-------------------------+-----
Armour         | 1 2 3 5 |  5.7
Axes           | 5 6 7 8 9 |  9.4
Fighting       | 4 5 6 |  6.1
Stealth        | 2 |  2.7
Dodging        | 3 |  3.3
Shields        | 1 2 |  2.8

Action                   |  1- 3 |  4- 6 |  7- 9 || total
-------------------------+-------+-------+-------++-------
Melee: Hand axe          |   138 |   107 |   139 ||   384
       Punch             |     4 |     1 |       ||     5
  Use: Scroll            |     2 |     3 |     4 ||     9
       Potion            |       |     1 |     6 ||     7
 Stab: Distracted        |       |     2 |     3 ||     5
Armor: Robe              |     6 |       |       ||     6
       Ring mail         |    62 |    21 |       ||    83
       Scale mail        |       |     8 |    57 ||    65
       Skin              |       |       |    16 ||    16
Dodge: Dodged            |    92 |    49 |    83 ||   224
Block: Buckler           |       |     4 |    34 ||    38
